 Dungeon Crawl Stone Soup version 0.27.1-1-g398f81649c (webtiles) character file.

Game seed: 18031703488613973909

95 Kangaroobicon the Skirmisher (level 4, -6/40 HPs)
             Began as a Draconian Berserker on Sept 13, 2021.
             Was a Believer of Trog.
             Splashed by a jelly's acid (8 damage)
             ... on level 4 of the Dungeon.
             The game lasted 00:19:04 (1630 turns).

Kangaroobicon the Skirmisher (Draconian Berserker)  Turns: 1630, Time: 00:19:08

Health: -6/40      AC:  5    Str: 19    XL:     4   Next: 40%
Magic:  4/4        EV: 12    Int:  7    God:    Trog [**....]
Gold:   34         SH:  0    Dex: 12    Spells: 3/3 levels left

rFire    . . .     SeeInvis .   f - +0 short sword (speed)
rCold    . . .     Faith    .   (no shield)
rNeg     . . .     Spirit   .   (armour unavailable)
rPois    .         Reflect  .   (helmet restricted)
rElec    .         Harm     .   (no cloak)
rCorr    .         Rampage  .   (no gloves)
Will     .....                  (no boots)
Stlth    +.........             (no amulet)
HPRegen  0.13/turn              (no ring)
MPRegen  0.09/turn              (no ring)

@: no status effects
A: AC +5, unfitting armour, cold-blooded
a: Renounce Religion, Berserk, Trog's Hand


You were on level 4 of the Dungeon.
You worshipped Trog.
Trog was pleased with you.
You visited 1 branch of the dungeon, and saw 3 of its levels.

You collected 34 gold pieces.

Inventory:

Hand Weapons
 a - a +0 mace
 f - a +0 short sword of speed (weapon)
Missiles
 e - 39 stones (quivered)
 g - 53 bolts
 j - 9 arrows
 k - 29 sling bullets
Scrolls
 b - a scroll of teleportation {unknown}
 i - 2 scrolls of identify {unknown}
Potions
 c - 2 potions of mutation {unknown}
 d - a potion of degeneration {unknown}
 h - a potion of haste {unknown}
 l - a potion of magic {unknown}


   Skills:
 + Level 4.0 Fighting
 + Level 1.4 Short Blades
 + Level 3.5 Maces & Flails
 + Level 1.1 Throwing
 + Level 3.2 Dodging


You had 3 spell levels left.
You didn't know any spells.
Your spell library was empty.

Dungeon Overview and Level Annotations

Branches:
Dungeon (2/15)

Altars:


Innate Abilities, Weirdness & Mutations

Your plain brown scales are hard. (AC +5)
You cannot fit into any form of body armour.
You are cold-blooded and may be slowed by cold attacks.


Message History

The orc wizard gestures at you while chanting.
The magic dart hits something.
The jackal bites you but does no damage.
You hit something.
Your tail-slap misses something.
A magic dart appears from out of thin air!
The magic dart hits something!
Reactivating autopickup.
You feel a bit more experienced. The jackal barely misses you.
The orc wizard closely misses you.
You barely miss the phantom.
The phantom is moderately damaged.
The jackal closely misses you.
The orc wizard points at you and mumbles some strange words.
You resist with some effort. The jelly hits you but does no damage.
The jackal closely misses you.
You hit the jackal.
The jackal is severely wounded.
The jelly closely misses you.
The orc wizard mumbles some strange words.
The orc wizard flickers and vanishes!
Deactivating autopickup; reactivate with Ctrl-A.
The jackal barely misses you. The jackal closely misses you.
You hit the jackal.
You kill the jackal!
Trog accepts your kill. The jackal closely misses you.
The jelly closely misses you. Something hits you but does no damage.
You barely miss the jelly. Something hits you but does no damage.
The jelly closely misses you. Something hits you.
* * * LOW HITPOINT WARNING * * *
The jackal bites you.
* * * LOW HITPOINT WARNING * * *
The jackal bites you but does no damage.
You hit the jackal.
You kill the jackal!
Trog accepts your kill. The jelly hits you.
* * * LOW HITPOINT WARNING * * *
You are splashed with acid!
You die...

.............
....................#
....................#
.............?......#
....................#
[...................#
?.$.................#
....................#
................@...#
................hJ..#
............[...hh.W#
................hn..#
..................†.#
....................#
....................#
..................).#
..............$.....#


You could see a phantom, a necrophage, a jelly and 4 jackals.

Vanquished Creatures
  Jessica (D:2)
  5 worms (D:2)
  5 ball pythons
  4 endoplasms
  A giant cockroach (D:2)
  5 goblins
  3 hobgoblins
  10 jackals
  4 kobolds
  A quokka (D:2)
  5 bats
  3 frilled lizards
  2 rats (D:2)
49 creatures vanquished.

Vanquished Creatures (others)
  An orc wizard (D:4)
  2 demonic plants (D:1)
3 creatures vanquished.

Grand Total: 52 creatures vanquished

Notes
Turn   | Place    | Note
-------+----------+-------------------------------------------
     0 | D:1      | Kangaroobicon the Draconian Berserker began the quest for
                  | the Orb.
     0 | D:1      | Reached XP level 1. HP: 19/19 MP: 1/1
   150 | D:1      | Reached XP level 2. HP: 19/26 MP: 2/2
   370 | D:1      | Found a faded altar of an unknown god.
   683 | D:2      | Reached XP level 3. HP: 33/33 MP: 3/3
   716 | D:2      | Reached ** piety under Trog
   717 | D:2      | Reached skill level 4 in Fighting
  1311 | D:2      | Noticed Jessica
  1318 | D:2      | Killed Jessica
  1319 | D:2      | Reached skill level 1 in Short Blades
  1319 | D:2      | Reached skill level 1 in Throwing
  1319 | D:2      | Reached XP level 4. HP: 36/40 MP: 4/4
  1582 | D:2      | You fall into a shaft and drop 2 floors!
  1582 | D:4      | Noticed a phantom
  1595 | D:4      | Noticed a necrophage
  1630 | D:4      | HP: 2/40 [jelly (1)]
  1630 | D:4      | Splashed by a jelly's acid

Illustrated notes

Levels and vault maps discovered:
D:1:      evilmike_arrival_rings, layout_basic,
          dreamdust_ecumenical_altar_sealed_demon
D:2:      layout_basic, minmay_misc_feat_chi, uniq_jessica
D:4:      layout_basic, mainiacjoe_overflow_boulevard,
          mainiacjoe_overflow_paths, uniq_edmund

Skill      XL: |  1  2  3 |
---------------+----------+-----
Dodging        | 3 |  3.2
Fighting       | 4 |  4.0
Short Blades   | 1 |  1.4
Throwing       | 1 |  1.1
Maces & Flails | |  3.5

Action                   |  1- 3 |  4- 6 || total
-------------------------+-------+-------++-------
Melee: Mace              |    14 |       ||    14
       Short sword       |   142 |    24 ||   166
       Tailslap          |    17 |     3 ||    20
Throw: Stone             |    42 |     5 ||    47
Armor: Skin              |    35 |    25 ||    60
Dodge: Dodged            |    60 |    43 ||   103
